 Dungeon Crawl Stone Soup version 0.22-a0-266-g5fdf0d7d63 (webtiles) character file.

842 Peterchen the Cleaver (level 7, -4/85 HPs)
             Began as a Minotaur Berserker on Mar 8, 2018.
             Was a Priest of Trog.
             Slain by a two-headed ogre
             ... wielding a +0 giant spiked club
              (23 damage)
             ... on level 5 of the Dungeon.
             The game lasted 00:10:10 (4088 turns).

Peterchen the Cleaver (Minotaur Berserker)          Turns: 4088, Time: 00:10:10

Health: -4/85      AC: 16    Str: 28    XL:     7   Next: 67%
Magic:  6/6        EV:  7    Int:  4    God:    Trog [***...]
Gold:   189        SH:  3    Dex: 10    Spells: 6/6 levels left

rFire    . . .     SeeInvis +   a - +0 hand axe
rCold    . . .     Gourm    +   y - +0 buckler
rNeg     . . .     Faith    .   f - +0 plate armour
rPois    .         Spirit   .   (helmet restricted)
rElec    .         Reflect  .   h - +2 cloak
rCorr    .         Harm     .   z - +0 pair of gloves
MR       .....                  s - +0 pair of boots
Stlth    ..........             u - amulet of the gourmand
HPRegen  0.24/turn              r - ring of see invisible
MPRegen  0.10/turn              (no ring)

@: berserking, very quick
A: retaliatory headbutt, horns 2
a: Berserk, Trog's Hand, Renounce Religion


You were on level 5 of the Dungeon.
You worshipped Trog.
Trog was most pleased with you.
You were very full.

You visited 1 branch of the dungeon, and saw 5 of its levels.

You collected 189 gold pieces.

Inventory:

Hand Weapons
 a - a +0 hand axe (weapon)
Armour
 f - a +0 plate armour (worn)
 h - a +2 cloak (worn)
 s - a +0 pair of boots (worn)
 y - a +0 buckler (worn)
 z - a +0 pair of gloves (worn)
Jewellery
 r - a ring of see invisible (left hand)
 u - an amulet of the gourmand (around neck)
Scrolls
 b - 3 scrolls of amnesia
 e - a scroll of blinking
 g - 2 scrolls of magic mapping
 i - a scroll of teleportation
 j - 4 scrolls of remove curse
 l - a scroll of fog
 m - a scroll of enchant weapon
 p - 2 scrolls of immolation {unknown}
 t - 3 scrolls of noise {unknown}
 x - a scroll of enchant armour {unknown}
Potions
 d - 3 potions of curing {unknown}
 k - a potion of haste {unknown}
 n - a potion of brilliance {unknown}
 o - 2 potions of heal wounds {unknown}
 q - a potion of flight {unknown}
 v - a potion of magic {unknown}
 w - a potion of degeneration {unknown}
Comestibles
 c - 10 rations


   Skills:
 - Level 3.6 Fighting
 * Level 10.9 Axes
 - Level 2.4 Armour
 - Level 2.1 Dodging


You had 6 spell levels left.
You didn't know any spells.

Dungeon Overview and Level Annotations

Branches:
Dungeon (5/15)
 Temple: D:4-7

Altars:
Ashenzari
Sif Muna
Uskayaw

Shops:
D:4 }[   D:5 [*[


Innate Abilities, Weirdness & Mutations

You reflexively headbutt those who attack you in melee.
You have a pair of horns on your head.


Message History

* * * LOW HITPOINT WARNING * * *
The two-headed ogre hits you but does no damage.
Your shield and plate armour prevent you from hitting the two-headed ogre.
Your headbutt misses the two-headed ogre.
The two-headed ogre is heavily wounded.
You slash the bullfrog skeleton! You completely miss the hound.
The hound bites you but does no damage.
The bullfrog skeleton hits you but does no damage.
Your shield and plate armour prevent you from hitting the two-headed ogre.
The two-headed ogre is heavily wounded.
You hit the bullfrog skeleton. You slash the hound!
You kill the hound!
Trog accepts your kill.
You slash the two-headed ogre!
The two-headed ogre is severely wounded.
You hit the iguana. You slash the bullfrog skeleton!
You destroy the bullfrog skeleton!
Trog accepts your kill.
The two-headed ogre hits you with a giant spiked club!!
You die...

....... ......##...# ##
......#8...8 #.
......##...#
#.##!..∩..##...#
#####.........##...##
.......Ol.....#8...8#
#.@### ####...####
##.#8###8##...##8##
#.................
......).........8......
.......................
......##8###8##...##8##
...... ### ####...####
..?... #8...8#.##
##...##.# ##...##...


You could see a two-headed ogre and an iguana.

Vanquished Creatures
  A phantom (D:5)
  2 centaurs
  An ogre (D:4)
  A big kobold (D:4)
  A water moccasin skeleton (D:5)
  A crimson imp (D:5)
  A hound (D:5)
  2 bullfrog skeletons
  An orc wizard (D:5)
  A worker ant (D:4)
  A hound skeleton (D:4)
  Robin (D:3)
  4 gnolls
  4 adders
  4 worms
  A dart slug (D:4)
  6 orcs
  4 giant cockroaches
  16 goblins
  7 hobgoblins
  7 jackals
  2 quokkas (D:3)
  2 ball pythons (D:3)
  2 bats
  8 frilled lizards
  A jackal skeleton (D:4)
  28 kobolds
  4 rats
  A plant (D:4)
115 creatures vanquished.

Notes
Turn   | Place    | Note
-------+----------+-------------------------------------------
     0 | D:1      | Peterchen the Minotaur Berserker began the quest for the Orb.
     0 | D:1      | Reached XP level 1. HP: 19/19 MP: 0/0
    28 | D:1      | Reached skill level 4 in Axes
   262 | D:1      | Reached XP level 2. HP: 22/26 MP: 1/1
   618 | D:1      | Reached skill level 5 in Axes
  1082 | D:2      | Reached ** piety under Trog
  1107 | D:2      | Reached XP level 3. HP: 24/31 MP: 2/2
  1728 | D:3      | Noticed a centaur
  1735 | D:3      | Killed a centaur
  1735 | D:3      | Reached skill level 6 in Axes
  1735 | D:3      | Reached XP level 4. HP: 39/39 MP: 3/3
  1749 | D:3      | Reached skill level 7 in Axes
  1749 | D:3      | Reached XP level 5. HP: 31/45 MP: 4/4
  2281 | D:3      | Noticed Robin
  2289 | D:3      | Killed Robin
  2546 | D:3      | Found a hide-covered altar of Uskayaw.
  2547 | D:3      | Found a deep blue altar of Sif Muna.
  2636 | D:4      | Found a shattered altar of Ashenzari.
  2856 | D:4      | Noticed an ogre
  2870 | D:4      | Killed an ogre
  2870 | D:4      | Reached skill level 8 in Axes
  2870 | D:4      | Reached XP level 6. HP: 51/51 MP: 5/5
  2912 | D:4      | Reached *** piety under Trog
  3179 | D:4      | Reached skill level 9 in Axes
  3683 | D:4      | Found Baupruydd's Antique Armour Shop.
  3702 | D:4      | Found Hecseteg's Gadget Boutique.
  3940 | D:5      | Entered Level 5 of the Dungeon
  3945 | D:5      | Found Codyadgh's Armour Emporium.
  3963 | D:5      | Reached XP level 7. HP: 53/57 MP: 6/6
  3976 | D:5      | Reached skill level 10 in Axes
  3992 | D:5      | Found Ovvobra's Armour Shop.
  4078 | D:5      | Noticed a two-headed ogre
  4080 | D:5      | Found Wosmej's General Store.
  4088 | D:5      | Slain by a two-headed ogre

Vault maps used:
D:1:      elethiomel_arrival_shortcut
D:3:      nicolae_overflow_hidden_temple, grunt_decor_mini_mirrors,
          minmay_misc_feat_secret_circle, uniq_robin
D:4:      kennysheep_kobold_camp, cheibrodos_ashenzari_chains, serial_shops,
          shop, shop
D:5:      serial_corexii_hall, corexii_hall_statues_x, corexii_hall_statues_i,
          first_ration, serial_shops, shop, nicolae_shop_stone, shop,
          nicolae_shop_window_shopping, shop, grunt_ministairs_3

Skill      XL: |  1  2  3  4  5  6  7 |
---------------+----------------------+-----
Axes           | 4 5 6 7 8 9 10 | 10.9
Fighting       | |  3.6
Armour         | |  2.4
Dodging        | |  2.1

Action                   |  1- 3 |  4- 6 |  7- 9 || total
-------------------------+-------+-------+-------++-------
Melee: Hand axe          |    89 |   150 |    44 ||   283
       Headbutt          |    13 |    31 |    11 ||    55
Invok: Berserk           |     2 |     5 |     1 ||     8
       Trog's Hand       |       |     1 |       ||     1
  Use: Scroll            |     1 |     6 |       ||     7
  Eat: Chunk             |     4 |    11 |    12 ||    27
Armor: Animal skin       |    15 |       |       ||    15
       Plate armour      |    24 |    86 |    27 ||   137
Dodge: Dodged            |    35 |    45 |     6 ||    86
Block: Buckler           |       |    11 |     5 ||    16

Table legend:
 A = Spawn XP
 B = Non-spawn XP
 C = Spawn XP percentage of total XP
 D = Spawn monster count
 E = Non-spawn monster count
 F = Spawn count percentage of total count
 G = Total turns spent on level
                    A         B        C        D         E        F      G
               +---------+---------+-------+---------+---------+-------+---------
         Total |       0 |    1204 |   0.0 |       0 |     114 |   0.0 |  4088
               +---------+---------+-------+---------+---------+-------+---------
           D:1 |       0 |      35 |   0.0 |       0 |      21 |   0.0 |   913
           D:2 |       0 |      13 |   0.0 |       0 |       6 |   0.0 |   720
           D:3 |       0 |     253 |   0.0 |       0 |      37 |   0.0 |   703
           D:4 |       0 |     405 |   0.0 |       0 |      38 |   0.0 |  1604
           D:5 |       0 |     498 |   0.0 |       0 |      12 |   0.0 |   148
               +---------+---------+-------+---------+---------+-------+---------
